 Dungeon Crawl Stone Soup version 0.29-a0-422-gafbd6decc1 (webtiles) character file.

Game seed: 3352690284699631633

3248 spiderkeys the Fighter (level 9, -1/101 HPs)
             Began as an Ogre Abyssal Knight on May 19, 2022.
             Was an Elder of Lugonu.
             Slain by a wolf (10 damage)
             ... led by Grum
             ... on level 8 of the Dungeon.
             The game lasted 00:11:27 (10019 turns).

spiderkeys the Fighter (Ogre Abyssal Knight)       Turns: 10019, Time: 00:11:28

Health: -1/101     AC:  4    Str: 19    XL:     9   Next: 99%
Magic:  14/14      EV: 11    Int: 15    God:    Lugonu [****..]
Gold:   390        SH:  0    Dex:  9    Spells: 8/8 levels left

rFire   . . .      SeeInvis .   s - +3 woodcutter's axe {vorpal}
rCold   . . .      Faith    .   (shield currently unavailable)
rNeg    . . .      Spirit   .   b - +0 robe
rPois   .          Reflect  .   (helmet restricted)
rElec   .          Harm     .   u - +0 cloak
rCorr   .          Rampage  .   (gloves unavailable)
Will    .....                   (boots unavailable)
Stlth   +.........              y - amulet of magic regeneration
HPRegen 0.26/turn               (no ring)
MPRegen 0.54/turn               (no ring)

@: no status effects
A: large, unfitting armour, tough skin 1
a: Renounce Religion, Depart the Abyss, Bend Space, Banish, Corrupt


You were on level 8 of the Dungeon.
You worshipped Lugonu.
Lugonu was greatly pleased with you.
You visited 1 branch of the dungeon, and saw 8 of its levels.
You visited the Abyss 1 time.
You also visited: Sewer.

You collected 390 gold pieces.


Innate Abilities, Weirdness & Mutations

You are too large for most types of armour.
You have tough skin. (AC +1)


   Skills:
 + Level 9.8 Fighting
 + Level 7.2 Polearms
 + Level 6.6 Dodging
 + Level 7.7 Invocations


You had 8 spell levels left.
You didn't know any spells.
Your spell library contained the following spells:

 Spells                   Type           Power      Damage    Failure   Level
 Animate Skeleton         Necr           0%         N/A       26%         1
 Magic Dart               Conj           0%         1d3       26%         1
 Pain                     Necr           0%         1d4       26%         1
 Scorch                   Fire           0%         2d5       38%         2
 Searing Ray              Conj           0%         2d4       38%         2
 Sublimation of Blood     Necr           0%         N/A       38%         2
 Wereblood                Tmut           0%         N/A       38%         2
 Tukima's Dance           Hex            0%         N/A       63%         3
 Vampiric Draining        Necr           0%         2d6       63%         3
 Anguish                  Hex/Necr       0%         N/A       95%         4
 Flame Wave               Conj/Fire      0%         2d4       95%         4
 Fulminant Prism          Conj/Hex       0%         3d6       95%         4
 Summon Cactus Giant      Summ           0%         N/A       100%        6
 Enfeeble                 Hex            0%         N/A       100%        7
 Summon Hydra             Summ           0%         N/A       100%        7

Inventory:

Hand Weapons
 a - a +1 spear
 s - the +3 woodcutter's axe (weapon) {vorpal}
   (You found it on level 3 of the Dungeon)

   It inflicts extra damage upon your enemies.
Missiles
 c - 193 stones
 v - 3 boomerangs
 P - a throwing net {=f!f}
Armour
 b - a +0 robe (worn)
 f - a +0 robe
   (You took it off Dowan on level 4 of the Dungeon)
 j - a +0 robe
   (You found it on level 1 of the Dungeon)
 o - a +0 robe
   (You found it on level 3 of the Dungeon)
 u - a +0 cloak (worn)
   (You found it on level 3 of the Dungeon)
 w - a +0 robe
   (You took it off an orc wizard on level 4 of the Dungeon)
 x - a +0 robe
   (You took it off an orc wizard on level 4 of the Dungeon)
 z - a +0 robe
   (You found it on level 4 of the Dungeon)
 B - a +0 robe
   (You took it off a wight on level 4 of the Dungeon)
 H - a +0 robe
   (You found it on level 6 of the Dungeon)
 K - a +0 robe
   (You took it off an orc wizard on level 7 of the Dungeon)
 O - a +0 robe
   (You took it off an orc wizard on level 7 of the Dungeon)
 Q - a +0 robe
   (You took it off an orc wizard on level 7 of the Dungeon)
 U - a +0 robe
   (You took it off an orc wizard on level 8 of the Dungeon)
 V - a +0 robe
   (You took it off an orc wizard on level 8 of the Dungeon)
 W - a +0 robe
   (You took it off an orc wizard on level 8 of the Dungeon)
Jewellery
 y - an amulet of magic regeneration (around neck)
   (You found it on level 4 of the Dungeon)
 T - an amulet of faith {!P}
   (You found it on level 4 of the Dungeon)
Wands
 A - a wand of digging (15)
   (You found it on level 4 of the Dungeon)
 F - a wand of polymorph (4)
   (You found it on level 5 of the Dungeon)
Scrolls
 d - 4 scrolls of fog
 g - 2 scrolls of amnesia
 k - 5 scrolls of teleportation {@r4}
 m - 4 scrolls of enchant armour
 r - 3 scrolls of identify {@r1}
 C - 2 scrolls of torment {!r}
 E - a scroll of noise {!r}
 I - 2 scrolls of poison {!r}
 J - a scroll of enchant weapon
 L - a scroll of magic mapping {!r}
 N - a scroll of brand weapon
Potions
 e - a potion of brilliance {unknown}
 h - a potion of cancellation {unknown}
 i - 3 potions of heal wounds {@q2}
 l - a potion of attraction {unknown}
 n - 3 potions of might {unknown}
 p - 2 potions of invisibility {unknown}
 q - 2 potions of ambrosia {unknown}
 t - a potion of degeneration {unknown}
 D - 2 potions of mutation {unknown}
 G - a potion of lignification {unknown}
 M - a potion of haste {unknown}
 R - 2 potions of resistance {unknown}
 S - 2 potions of curing {@q1}

Dungeon Overview and Level Annotations

Branches:
Dungeon (8/15)             Temple (0/1) D:5           Sewer (visited)
   Lair: D:8-11

Altars:
Dithmenos
Gozag
Qazlal
Sif Muna
Uskayaw

Shops:
D:4 [   D:5 ?

Annotations:
D:4 2 transporters, PRIMUS's ghost, amateur DsGl
D:8 Grum
Abyss:1 Prince Ribbit

####.# #...#.# #.# ##...#.##
#.# ### ........# #.# #..
....... #.# #.# )..... #.# #.#
#...# #.# #.# #.†.# #.#
######.#####g.)#..##
####.###........@h...##...#
.......#.####.#####........
####.....# #.# #.####..#
##..>..## #.# #.# #..#
###.......# #.# #.# #..#
..........###.# ###.####..##
##.........##.. ..........#
#........)########.####.#.#
#........)..........###.#.####


You could see Grum and a wolf.


Message History

a +0 short sword; a +0 plate armour; 😱 HP[-4]
You take 4 damage, and now have 24/101 hp.
You miss something. Something hits you but does no damage.
You miss something. Something hits you.
* * * LOW HITPOINT WARNING * * *
😱 HP[-2]
You take 2 damage, and now have 22/101 hp.
Unknown command.
You barely miss something. Something hits you but does no damage.
You miss something. Something hits you.
* * * LOW HITPOINT WARNING * * *
😱 HP[-4]
You take 4 damage, and now have 18/101 hp.
You hit something. Something hits you.
* * * LOW HITPOINT WARNING * * *
😱 HP[-3]
You take 3 damage, and now have 15/101 hp.
You barely miss something. Something hits you.
* * * LOW HITPOINT WARNING * * *
😱 HP[-2]
You take 2 damage, and now have 13/101 hp.
You closely miss something. Something hits you but does no damage.
You miss something. Something hits you.
* * * LOW HITPOINT WARNING * * *
😱 HP[-2]
You take 2 damage, and now have 11/101 hp.
You slash something! Lugonu accepts your kill.
Reactivating autopickup.
You feel a bit more experienced.
V - a +0 robe You see here a +2 dagger of protection. 😱 HP[+1] Key pressed, stopping explore.
Key pressed, stopping explore.
Key pressed, stopping explore.
Key pressed, stopping explore.
Key pressed, stopping explore.
Key pressed, stopping explore.
Key pressed, stopping explore.
W - a +0 robe
Things that are here:
a +0 dagger; an orc skeleton 😎 HP[+89]
Your hp is fully restored (101).
Things that are here:
a +0 short sword; a +0 plate armour Key pressed, stopping explore.
Key pressed, stopping explore.
Key pressed, stopping explore.
Grum and a wolf come into view.
Grum growls angrily.
The wolf howls!
A wolf comes into view.
The wolf howls!
Grum hits you from afar with a -2 spear. 😕 HP[-1]
You take 1 damage, and now have 100/101 hp.
You barely miss the wolf. The wolf bites you. x2
Grum hits you from afar with a -2 spear!! 😕 HP[-24]
You take 24 damage, and now have 76/101 hp.
MASSIVE DAMAGE!! (PAUSE)
You miss the wolf. You hit the wolf. The wolf bites you but does no damage.
The wolf barely misses you.
Grum hits you from afar with a -2 spear! 😮 HP[-16]
You take 16 damage, and now have 60/101 hp.
You closely miss the wolf. x2; The wolf barely misses you. x2
The wolf closely misses you. The wolf bites you.
Grum points his finger and shouts, "Rover!
Sic 'em!"
Grum closely misses you. 😮 HP[-1]
You take 1 damage, and now have 59/101 hp.
You slash the wolf!
You kill the wolf!
Lugonu accepts your kill.
You slash the wolf! The wolf bites you!
* * * LOW HITPOINT WARNING * * *
The wolf completely misses you.
Grum hits you from afar with a -2 spear!
* * * LOW HITPOINT WARNING * * *
😨 HP[-20]
You take 20 damage, and now have 39/101 hp.
You completely miss the wolf. The wolf bites you!
* * * LOW HITPOINT WARNING * * *
Grum hits you from afar with a -2 spear!
* * * LOW HITPOINT WARNING * * *
😱 HP[-21]
You take 21 damage, and now have 18/101 hp.
MASSIVE DAMAGE!! (PAUSE)
The wolf bites you but does no damage. 😱 HP[+1]
The wolf attacks as you move away! The wolf closely misses you.
The wolf bites you!
* * * LOW HITPOINT WARNING * * *
😱 HP[-10]
You take 10 damage, and now have 9/101 hp.
The wolf bites you but does no damage. The wolf attacks as you move away!
The wolf bites you!
You die...

Skill      XL: |  1  2  3  4  5  6  7  8  9 |
---------------+----------------------------+-----
Polearms       | 3 4 5 7 |  7.2
Invocations    | 3 4 5 6 7 |  7.7
Fighting       | 5 6 8 9 |  9.8
Dodging        | 3 4 5 6 |  6.6

Action                   |  1- 3 |  4- 6 |  7- 9 || total
-------------------------+-------+-------+-------++-------
Melee: Spear             |   157 |       |       ||   157
       Battleaxe         |    13 |    75 |   361 ||   449
       Punch             |     1 |       |       ||     1
Invok: Banish            |       |       |     1 ||     1
       Bend Space        |       |       |     1 ||     1
Evoke: Wand              |       |       |     2 ||     2
  Use: Scroll            |     6 |     4 |     5 ||    15
       Potion            |       |       |     3 ||     3
Armor: Robe              |    37 |    16 |    89 ||   142
Dodge: Dodged            |    68 |    44 |   206 ||   318

Levels and vault maps discovered:
D:1:      mainiacjoe_arrival_reflecting_pool, layout_loops_ring
D:2:      layout_basic, hellmonk_ecumenical_altar_inner_sanctum, basic_altar
D:3:      layout_loops_corners, nicolae_concentric_dashed_squares_wild
D:4:      layout_basic, mainiacjoe_overflow_two_lobes, serial_shops,
          nicolae_shop_advertising_works [nicolae_subvault_shop_adworks],
          gammafunk_ghost_gnarly_gnolls, serial_undead, serial_undead_f,
          serial_undead_d, serial_undead_a, serial_undead_d, st_stairs_7,
          uniq_duvessa
D:5:      layout_cave_pools, minmay_temple_entry_glassed_door, serial_shops,
          shop_fountains, corexii_corridor_pit, uniq_eustachio, uniq_edmund,
          uniq_prince_ribbit1
D:6:      layout_cave_pools, amethyst_overflow_temple_binary,
          portal_sewer_entry_e
D:7:      layout_layer_cave, kennysheep_generic_room_12
D:8:      layout_loops_ring, nrook_uturn, uniq_joseph, uniq_grum

Notes
Turn   | Place    | Note
-------+----------+-------------------------------------------
     0 | Abyss:1  | spiderkeys the Ogre Abyssal Knight began the quest for the
                  | Orb.
     0 | Abyss:1  | Reached XP level 1. HP: 24/24 MP: 2/2
     0 | Abyss:1  | magus.rc [v1.11.3]
    19 | D:1      | You pass through the gate.
    19 | D:1      | Escaped the Abyss
   308 | D:1      | Reached XP level 2. HP: 16/32 MP: 3/3
  1016 | D:1      | Reached XP level 3. HP: 40/40 MP: 4/4
  1184 | D:2      | Reached *** piety under Lugonu
  1351 | D:2      | Found a shadowy altar of Dithmenos.
  1386 | D:2      | You pick up a book of Necromancy and begin reading...
  1386 | D:2      | You add the spells Pain, Animate Skeleton and Vampiric
                  | Draining to your library.
  1528 | D:2      | Found a faded altar of an unknown god.
  1671 | D:2      | You pick up a book of Scorching and begin reading...
  1671 | D:2      | You add the spells Scorch, Flame Wave and Summon Cactus
                  | Giant to your library.
  1783 | D:3      | You pick up a book of Blood and begin reading...
  1783 | D:3      | You add the spells Sublimation of Blood, Wereblood and
                  | Summon Hydra to your library.
  2227 | D:3      | Found the +3 woodcutter's axe {vorpal}
  2295 | D:3      | Reached XP level 4. HP: 49/49 MP: 6/6
  2856 | D:4      | Reached skill level 3 in Polearms
  2856 | D:4      | Reached skill level 3 in Invocations
  2856 | D:4      | Reached XP level 5. HP: 44/55 MP: 7/7
  2926 | D:4      | Reached skill level 5 in Fighting
  2926 | D:4      | Reached skill level 3 in Dodging
  3001 | D:4      | You pick up a book of Maledictions and begin reading...
  3001 | D:4      | You add the spells Tukima's Dance, Anguish and Enfeeble to
                  | your library.
  3209 | D:4      | Reached **** piety under Lugonu
  3218 | D:4      | Reached XP level 6. HP: 37/66 MP: 8/8
  3435 | D:4      | Noticed Duvessa
  3437 | D:4      | Noticed Dowan
  3441 | D:4      | Killed Duvessa
  3442 | D:4      | Reached skill level 4 in Polearms
  3442 | D:4      | Reached skill level 4 in Invocations
  3442 | D:4      | Killed Dowan
  3443 | D:4      | Reached skill level 6 in Fighting
  3443 | D:4      | Reached XP level 7. HP: 66/75 MP: 8/10
  3457 | D:4      | Reached skill level 4 in Dodging
  3591 | D:4      | Found a stormy altar of Qazlal.
  3667 | D:4      | Found an opulent altar of Gozag.
  3702 | D:4      | Found a transporter.
  3711 | D:4      | Noticed PRIMUS's ghost (amateur DsGl)
  3714 | D:4      | Found a transporter.
  3944 | D:4      | Found Epuj's Antique Armour Shop.
  4290 | D:5      | Entered Level 5 of the Dungeon
  4290 | D:5      | Noticed Edmund
  4290 | D:5      | Found Taech's Magic Scroll Shoppe.
  4299 | D:5      | Killed Edmund
  4300 | D:5      | Reached skill level 5 in Invocations
  4486 | D:5      | Reached XP level 8. HP: 72/84 MP: 11/11
  4598 | D:5      | Noticed Prince Ribbit
  4623 | D:5      | Banished Prince Ribbit
  4624 | D:5      | Reached skill level 7 in Fighting
  4624 | D:5      | Reached skill level 5 in Polearms
  4855 | D:5      | You pick up a book of Conjurations and begin reading...
  4855 | D:5      | You add the spells Magic Dart, Searing Ray and Fulminant
                  | Prism to your library.
  4934 | D:5      | Noticed Eustachio
  4938 | D:5      | Reached skill level 5 in Dodging
  4953 | D:5      | HP: 22/88 [Eustachio/+0 falchion (4)]
  4962 | D:5      | HP: 18/88 [Eustachio/+0 falchion (7)]
  4967 | D:5      | HP: 16/88 [Eustachio/+0 falchion (1)]
  4972 | D:5      | HP: 8/88 [Eustachio/+0 falchion (5)]
  4975 | D:5      | Killed Eustachio
  4976 | D:5      | Reached skill level 6 in Invocations
  5347 | D:5      | Reached skill level 8 in Fighting
  5383 | D:5      | Found a staircase to the Ecumenical Temple.
  5656 | D:6      | Reached XP level 9. HP: 88/96 MP: 13/13
  5734 | D:6      | Reached skill level 6 in Polearms
  5765 | D:6      | Found a shimmering blue altar of Sif Muna.
  5765 | D:6      | Found a hide-covered altar of Uskayaw.
  5801 | D:6      | HP: 24/97 [poisoned by an orc]
  5821 | D:6      | HP: 23/97 [hound (3)]
  5974 | D:6      | HP: 22/97 [gnoll/+0 spear[a gnoll shaman] (6)]
  5980 | D:6      | HP: 11/97 [gnoll/+0 spear[a gnoll shaman] (4)]
  6026 | D:6      | HP: 17/97 [river rat (6)]
  6031 | D:6      | HP: 12/97 [rat (2)]
  6040 | D:6      | Found a glowing drain.
  6042 | D:6      | HP: 9/97 [river rat (6)]
  6049 | Sewer    | Entered a sewer
  6392 | Sewer    | Noticed Pargi
  6400 | Sewer    | Killed Pargi
  6972 | D:7      | Reached skill level 6 in Dodging
  6990 | D:7      | Reached skill level 9 in Fighting
  6990 | D:7      | Reached skill level 7 in Invocations
  7116 | D:7      | HP: 21/98 [gnoll/+0 halberd[a gnoll sergeant] (10)]
  9447 | D:8      | Reached skill level 7 in Polearms
  9598 | D:8      | HP: 24/101 [something (4)]
  9603 | D:8      | HP: 15/101 [something (3)]
 10009 | D:8      | Noticed Grum
 10015 | D:8      | HP: 18/101 [Grum/-2 spear (13)]
 10019 | D:8      | Slain by a wolf

Vanquished Creatures
  Eustachio (D:5)
  A steam dragon (D:8)
  Edmund (D:5)
  Duvessa (D:4)
  Pargi (Sewer)
  2 orc warriors (D:8)
  An ice beast (D:7)
  A black bear (D:6)
  A wolf (D:8)
  2 centaurs
  2 phantoms
  A necrophage (D:4)
  A gnoll sergeant (D:7)
  A bullfrog (D:6)
  5 scorpions
  A wight (D:4)
  A water moccasin skeleton (D:4)
  Dowan (D:4)
  A bullfrog zombie (D:4)
  3 jellies
  A gnoll shaman (D:6)
  A centaur zombie (D:4)
  5 orc priests
  3 hounds
  2 iguanas
  8 orc wizards
  3 hound zombies (D:4)
  A hound skeleton (D:4)
  2 howler monkey zombies (D:4)
  6 adders
  8 gnolls
  3 river rats (D:6)
  2 white imps
  An ufetubus (D:4)
  3 adder zombies (D:4)
  An adder skeleton (D:4)
  2 dart slugs
  A worm (D:2)
  23 orcs
  8 endoplasms
  12 giant cockroaches
  4 goblins
  5 hobgoblins
  4 jackals (D:3)
  2 quokkas
  10 ball pythons
  2 bats (D:1)
  7 frilled lizards
  4 kobolds
  6 rats
169 creatures vanquished.

Vanquished Creatures (others)
  6 plants (D:4)
6 creatures vanquished.

Grand Total: 175 creatures vanquished

Table legend:
 A = Non-vault XP
 B = Vault XP
 C = Vault XP percentage of total XP
 D = Non-vault monster count
 E = Vault monster count
 F = Vault count percentage of total count
                 A         B        C        D         E       F
            +---------+---------+-------+---------+---------+-------
      Total |    3044 |    1596 |  34.4 |     130 |      40 |  23.5
            +---------+---------+-------+---------+---------+-------
        D:1 |      35 |       0 |   0.0 |      21 |       0 |   0.0
        D:2 |      25 |       0 |   0.0 |      13 |       0 |   0.0
        D:3 |      32 |       0 |   0.0 |      16 |       0 |   0.0
        D:4 |     307 |     592 |  65.9 |      15 |      17 |  53.1
        D:5 |     504 |     672 |  57.1 |       8 |       3 |  27.3
        D:6 |     830 |      48 |   5.5 |      20 |       8 |  28.6
        D:7 |     552 |       3 |   0.5 |      24 |       1 |   4.0
        D:8 |     759 |     119 |  13.6 |      13 |       1 |   7.1
      Sewer |       0 |     162 | 100.0 |       0 |      10 | 100.0
            +---------+---------+-------+---------+---------+-------

Illustrated notes

Table legend:
 A = Kills in this place as a percentage of kills in entire the game.
 B = Kills by you in this place as a percentage of kills by you in the entire game.
 C = Kills by friends in this place as a percentage of kills by friends in the entire game.
 D = Other kills in this place as a percentage of other kills in the entire game.
 E = Experience gained in this place as a percentage of experience gained in the entire game.
 F = Experience gained in this place divided by the number of levels of this place that you have seen.
                   A       B       C       D       E      F
               +-------+-------+-------+-------+-------+----------------------
         Total | 100.0 | 100.0 |   N/A | 100.0 | 100.0 | 464.0
       Dungeon |  94.1 |  94.1 |   N/A | 100.0 |  96.5 | 559.8
         Sewer |   5.9 |   5.9 |   N/A |   0.0 |   3.5 | 162.0
               +-------+-------+-------+-------+-------+----------------------

Table legend: (Time is in decaauts)
 A = Elapsed time spent in this place.
 B = Non-inter-level travel time spent in this place.
 C = Inter-level travel time spent in this place.
 D = Time resting spent in this place.
 E = Time spent auto-exploring this place.
 F = Levels seen in this place.
 G = Mean time per level.
                   A        B        C        D        E       F      G
               +--------+--------+--------+--------+--------+-----+--------+
         Total |  10048 |   9868 |    180 |   1594 |   6757 |  10 | 1004.8 |
       Dungeon |   9557 |   9377 |    180 |   1346 |   6585 |   8 | 1194.6 |
         Abyss |     19 |     19 |      0 |      0 |     13 |   1 |   19.0 |
         Sewer |    472 |    472 |      0 |    248 |    159 |   1 |  472.0 |
               +--------+--------+--------+--------+--------+-----+--------+

Top non-repeatable levels by time:
     D:7: 1695 daAuts
     D:6: 1542 daAuts
     D:4: 1502 daAuts
     D:5: 1298 daAuts
     D:1: 1088 daAuts
     D:3: 1037 daAuts
     D:8: 750 daAuts
     D:2: 641 daAuts
   Sewer: 472 daAuts
 Abyss:1: 19 daAuts
